 Dungeon Crawl Stone Soup version 0.25.1-2-g60ff931df9 (webtiles) character file.

Game seed: 5936849344163065074

1458 tempo the Thaumaturge (level 8, -2/44 HPs)
             Began as a Deep Elf Wizard on Sept 30, 2020.
             Slain by a yak (12 damage)
             ... on level 5 of the Dungeon.
             The game lasted 00:09:22 (5267 turns).

tempo the Thaumaturge (Deep Elf Wizard)             Turns: 5267, Time: 00:09:23

Health: -2/44      AC:  5    Str:  4    XL:     8   Next: 47%
Magic:  6/23       EV: 11    Int: 26    God:
Gold:   7          SH:  0    Dex: 13    Spells: 14/25 levels left

rFire    . . .     SeeInvis .   n - +1 dagger (venom)
rCold    . . .     Gourm    .   (no shield)
rNeg     . . .     Faith    .   p - +0 leather armour
rPois    .         Spirit   .   r - +1 hat
rElec    .         Reflect  .   (no cloak)
rCorr    .         Harm     .   g - +0 pair of gloves
MR       .....                  (no boots)
Stlth    ++........             (no amulet)
HPRegen  0.14/turn              (no ring)
MPRegen  0.18/turn              (no ring)

@: very slightly contaminated
A: no striking features
a: no special abilities


You were on level 5 of the Dungeon.
You were not hungry.

You visited 1 branch of the dungeon, and saw 5 of its levels.

You collected 196 gold pieces.
You spent 189 gold pieces at shops.

Inventory:

Hand Weapons
 n - a +1 dagger of venom (weapon)
Armour
 g - a +0 pair of gloves (worn)
 o - a +0 kite shield
 p - a +0 leather armour (worn)
 r - a +1 hat (worn)
Magical Staves
 x - an uncursed staff of conjuration {unknown}
Wands
 s - a wand of acid (11)
Scrolls
 b - a scroll of blinking {unknown}
 f - a scroll of amnesia {unknown}
 h - 3 scrolls of fear
 i - 2 scrolls of teleportation
 k - 5 scrolls of identify
 l - 2 scrolls of magic mapping {unknown}
 q - 3 scrolls of remove curse
 u - 3 scrolls of enchant weapon {unknown}
 w - a scroll of enchant armour {unknown}
Potions
 a - a potion of stabbing {unknown}
 c - a potion of cancellation {unknown}
 e - 3 potions of flight {unknown}
 j - a potion of curing {unknown}
 m - a potion of degeneration {unknown}
 t - a potion of invisibility {unknown}
 v - 2 potions of might {unknown}
Comestibles
 d - 5 rations


   Skills:
 + Level 2.1 Fighting
 - Level 1.0 Armour
 - Level 2.4 Dodging
 - Level 2.4 Stealth
 - Level 2.1 Shields
 * Level 9.3 Spellcasting
 * Level 6.4 Conjurations
 - Level 1.1 Summonings
 - Level 1.1 Translocations
 + Level 3.3 Fire Magic
 - Level 1.0 Air Magic
 - Level 1.1 Poison Magic
 - Level 1.2 Evocations


You had 14 spell levels left.
You knew the following spells:

 Your Spells              Type           Power        Failure   Level  Hunger
a - Magic Dart            Conj           ####         1%          1    None
b - Mephitic Cloud        Conj/Pois/Air  ####....     8%          3    None
c - Call Imp              Summ           ###.....     9%          2    None
d - Blink                 Tloc           N/A          9%          2    None
e - Conjure Flame         Conj/Fire      #####...     3%          3    None

Your spell library contained the following spells:

 Spells                   Type           Power        Failure   Level  Hunger
 Slow                     Hex            ##......     13%         2    None


Dungeon Overview and Level Annotations

Branches:
Dungeon (5/15)
 Temple: D:4-7

Altars:
Dithmenos
Kikubaaqudgha
Wu Jian
Yredelemnul
The Shining One

Shops:
D:5 ?


Message History

A centaur skeleton comes into view.
The yak is engulfed in blazing flames.
You kill the yak!
Your Fighting skill increases to level 2!
Unknown command.
There are no items here.
Unknown command.
Casting: Mephitic Cloud (dangerous; 8% risk of failure)
Confirm with . or Enter, or press ? or * to list all spells.
The fire begins to smolder!
The yak is engulfed in noxious fumes.
Unknown command.
The fire ignites!
The yak is engulfed in blazing flames.
You hit the yak but do no damage.
The yak is poisoned.
The yak is moderately wounded.
The yak is engulfed in blazing flames.
You hit the yak but do no damage.
The yak is heavily wounded.
The yak gores you!
You die...

<# #.# #.# ## #.#
#.# # #.# #.# #.#
#.# ### #.# #.# >.#
#.# #.#
#.########)# #Z#
...........#####ยง#
#####.[........Y@#
##############


You could see a yak (confused, very poisoned) and a centaur skeleton.

Vanquished Creatures
  5 yaks (D:5)
  A sky beast (D:4)
  An ogre (D:4)
  A scorpion (D:4)
  A water moccasin skeleton (D:4)
  2 howler monkeys
  A crimson imp (D:3)
  2 hounds
  3 orc wizards (D:4)
  A worker ant (D:4)
  A gnoll (D:2)
  8 adders
  An ooze (D:1)
  3 worms
  A dart slug (D:1)
  7 leopard geckos
  2 orcs (D:4)
  2 ball pythons
  3 giant cockroaches
  11 goblins
  5 hobgoblins
  5 jackals
  3 bats
  8 frilled lizards
  9 kobolds
  A quokka skeleton (D:4)
  10 rats
98 creatures vanquished.

Vanquished Creatures (others)
  A human (D:4)
  An orc wizard (D:4)
2 creatures vanquished.

Grand Total: 100 creatures vanquished

Notes
Turn   | Place    | Note
-------+----------+-------------------------------------------
     0 | D:1      | tempo the Deep Elf Wizard began the quest for the Orb.
     0 | D:1      | Reached XP level 1. HP: 10/10 MP: 7/7
   365 | D:1      | Reached XP level 2. HP: 14/16 MP: 1/9
   995 | D:1      | Reached skill level 5 in Spellcasting
  1218 | D:2      | Reached XP level 3. HP: 20/20 MP: 2/11
  1223 | D:2      | Learned a level 3 spell: Mephitic Cloud
  1226 | D:2      | Learned a level 2 spell: Call Imp
  1229 | D:2      | Learned a level 2 spell: Blink
  1233 | D:2      | Learned a level 3 spell: Conjure Flame
  1444 | D:2      | Reached skill level 1 in Fighting
  1444 | D:2      | Reached skill level 1 in Armour
  1571 | D:2      | Reached XP level 4. HP: 25/25 MP: 9/13
  1986 | D:2      | You fall into a shaft and drop 2 floors!
  2561 | D:2      | Found a faded altar of an unknown god.
  2561 | D:2      | Found a glowing golden altar of the Shining One.
  2574 | D:2      | Found a faded altar of an unknown god.
  2576 | D:2      | Found a shadowy altar of Dithmenos.
  2578 | D:2      | Found an ornate altar of the Wu Jian Council.
  2660 | D:3      | Reached skill level 6 in Spellcasting
  2660 | D:3      | Reached skill level 1 in Fire Magic
  2660 | D:3      | Reached skill level 1 in Air Magic
  2660 | D:3      | Reached XP level 5. HP: 16/29 MP: 2/15
  3006 | D:3      | Found a faded altar of an unknown god.
  3879 | D:4      | Reached XP level 6. HP: 30/34 MP: 13/17
  3884 | D:4      | Reached skill level 1 in Shields
  3884 | D:4      | Reached skill level 1 in Poison Magic
  4166 | D:4      | Found a basalt altar of Yredelemnul.
  4175 | D:4      | Reached skill level 7 in Spellcasting
  4370 | D:4      | Noticed a sky beast
  4378 | D:4      | Killed a sky beast
  4378 | D:4      | Reached skill level 1 in Evocations
  4467 | D:4      | Reached XP level 7. HP: 38/38 MP: 12/19
  5016 | D:4      | Reached skill level 5 in Conjurations
  5145 | D:4      | Found an ancient bone altar of Kikubaaqudgha.
  5146 | D:4      | Noticed a human
  5148 | D:4      | Killed a human
  5182 | D:5      | Entered Level 5 of the Dungeon
  5208 | D:5      | Found Iggemeot's Magic Scroll Boutique.
  5216 | D:5      | Bought a scroll of teleportation for 42 gold pieces
  5216 | D:5      | Bought a scroll of identify for 28 gold pieces
  5216 | D:5      | Bought a scroll of fear for 49 gold pieces
  5216 | D:5      | Bought a scroll of remove curse for 42 gold pieces
  5216 | D:5      | Bought a scroll of identify for 28 gold pieces
  5238 | D:5      | Noticed a yak
  5239 | D:5      | Noticed a yak
  5239 | D:5      | Noticed a yak
  5244 | D:5      | Noticed a yak
  5249 | D:5      | Noticed a yak
  5250 | D:5      | Killed a yak
  5250 | D:5      | Reached skill level 8 in Spellcasting
  5250 | D:5      | Noticed a yak
  5252 | D:5      | Killed a yak
  5252 | D:5      | Reached XP level 8. HP: 34/43 MP: 10/22
  5259 | D:5      | Reached skill level 9 in Spellcasting
  5267 | D:5      | Slain by a yak

Illustrated notes

Levels and vault maps discovered:
D:1:      minmay_arrival_four_loops, layout_basic, serial_aquarium,
          aquarium_bridge_long_separate [aquarium_subvault_wall,
          aquarium_subvault_window, aquarium_subvault_bridge,
          aquarium_subvault_window, aquarium_subvault_window,
          aquarium_subvault_bridge], aquarium_window_1, aquarium_window_2,
          aquarium_view_2e, aquarium_balcony_1b, hangedman_decor_push
D:2:      layout_loops_ring, chequers_temple_overflow_minitemple,
          minmay_hedge_maze, st_stairs_5, cheibrodos_gnoll_hut
D:3:      layout_basic, first_ration, chequers_ecumenical_altar_simple_redux
D:4:      layout_basic, yredelemnul_altar_generic, tgw_kikubaaqudgha
D:5:      layout_loops_ring, serial_shops, shop

Skill      XL: |  1  2  3  4  5  6  7  8 |
---------------+-------------------------+-----
Spellcasting   | 5 6 7 8 9 |  9.3
Fighting       | 1 2 |  2.1
Armour         | 1 |  1.0
Conjurations   | 2 3 4 5 6 |  6.4
Fire Magic     | 1 2 3 |  3.3
Air Magic      | 1 |  1.0
Shields        | 1 2 |  2.1
Poison Magic   | 1 |  1.1
Evocations     | 1 |  1.2
Dodging        | |  2.4
Stealth        | |  2.4
Summonings     | |  1.1
Translocations | |  1.1

Action                   |  1- 3 |  4- 6 |  7- 9 || total
-------------------------+-------+-------+-------++-------
Melee: Dagger            |       |    44 |    21 ||    65
 Cast: Magic Dart        |    80 |   147 |    31 ||   258
       Mephitic Cloud    |       |     3 |     4 ||     7
       Conjure Flame     |       |       |     4 ||     4
 Stab: Confused          |       |     5 |     1 ||     6
  Eat: Chunk             |     2 |     8 |     3 ||    13
Armor: Robe              |     5 |       |       ||     5
       Leather armour    |       |    22 |    13 ||    35
Dodge: Dodged            |    22 |    44 |    13 ||    79
